 Dungeon Crawl Stone Soup version 0.19-a0-1216-g363869b (webtiles) character file.

12502 Gelly3 the Bludgeoner (level 11, -5/88 HPs)
             Began as an Ogre Fighter on Aug 23, 2016.
             Was an Elder of Hepliaklqana.
             Shot with an arrow by a centaur (6 damage)
             ... led by a centaur warrior
             ... on level 13 of the Dungeon.
             The game lasted 00:36:40 (9226 turns).

Gelly3 the Bludgeoner (Ogre Fighter)                Turns: 9226, Time: 00:36:40

Health: -5/88      AC:  9    Str: 25    XL:     11   Next: 94%
Magic:  11/11      EV: 18    Int:  7    God:    Hepliaklqana [****..]
Gold:   430        SH:  0    Dex: 12    Spells: 0 memorised, 10 levels left

rFire  + + .     SeeInvis .     V - +0 giant spiked club
rCold  + + +     Gourm    .     w - +2 robe {rC+ rF+}
rNeg   . . .     Faith    .     (shield currently unavailable)
rPois  .         Spirit   .     q - +1 hat
rElec  .         Dismiss  .     z - +0 cloak
rCorr  .         Reflect  .     (gloves unavailable)
MR     +....     Harm     .     (boots unavailable)
Stlth  ++........ Rnd*Rage +    F - amulet of regeneration {+regen, !d}
                                U - ring of stealth {Stlth+}
                                h - +5 ring of evasion

@: no status effects
A: unfitting armour, thin metallic scales 1, berserk 1, blink, cold resistance
2, fire resistance 1, frail 1, strong 1, tough skin 1
a: Blink, Recall Ancestor, Ancestor Identity, Transference, Idealise, Renounce
Religion


You were on level 13 of the Dungeon.
You worshipped Hepliaklqana.
Hepliaklqana was greatly pleased with you.
You were hungry.

You visited 2 branches of the dungeon, and saw 12 of its levels.

You collected 430 gold pieces.

Inventory:

Hand Weapons
 a - a +0 flail
 G - the +9 rapier of Linearity {flame, SInv}
   (You found it on level 5 of the Dungeon)

   It has been specially enchanted to burn those struck by it, causing extra
   injury to most foes and up to half again as much damage against particularly
   susceptible opponents.
   It lets you see invisible.
 I - a +1 whip of freezing
   (You took it off Pikel on level 5 of the Dungeon)
 M - a +0 great mace
   (You found it on level 9 of the Dungeon)
 V - a +0 giant spiked club (weapon)
   (You took it off a hill giant on level 13 of the Dungeon)
Missiles
 v - 8 curare-tipped needles
 C - 4 javelins of penetration
 W - 3 large rocks (quivered) {!d}
Armour
 q - a +1 hat (worn)
   (You found it on level 2 of the Dungeon)
 w - a +2 robe of resistance (worn)
   (You took it off Sigmund on level 3 of the Dungeon)
 z - a +0 cloak (worn)
   (You found it on level 4 of the Dungeon)
Jewellery
 h - a +5 ring of evasion (left hand)
   (You found it on level 1 of the Dungeon)
 F - an amulet of regeneration (around neck) {+regen, !d}
   (You found it on level 5 of the Dungeon)
 H - a +4 ring of intelligence
   (You found it on level 9 of the Dungeon)
 U - a ring of stealth (right hand) {Stlth+}
   (You found it on level 10 of the Dungeon)
Wands
 B - a wand of enslavement (6/24)
   (You found it on level 4 of the Dungeon)
 L - a wand of iceblast (2/15)
   (You found it on level 7 of the Dungeon)
 O - a wand of enslavement (23/24)
   (You found it on level 8 of the Dungeon)
 X - a wand of enslavement (12/24)
   (You found it on level 13 of the Dungeon)
Scrolls
 b - 7 scrolls of identify
 c - a scroll of noise {unknown}
 p - a scroll of silence {unknown}
 r - 2 scrolls of teleportation
 s - 5 scrolls of amnesia {unknown}
 u - a scroll of blinking {unknown}
 y - 2 scrolls of enchant armour {unknown}
 K - 3 scrolls of recharging {unknown}
 P - a scroll of brand weapon {unknown}
 Q - a scroll of fog {unknown}
 S - a scroll of enchant weapon {unknown}
 T - 2 scrolls of remove curse {unknown}
Potions
 d - a potion of beneficial mutation
 i - a potion of cancellation {unknown}
 l - 3 potions of lignification {unknown}
 o - a potion of invisibility {unknown}
 t - a potion of brilliance {unknown}
 x - a potion of ambrosia {unknown}
 D - a potion of mutation {unknown}
 J - 3 potions of curing
 N - a potion of haste {unknown}
Books
 m - a book of Necromancy
   (You found it on level 10 of the Dungeon)
 R - a book of Summonings
   (You found it on level 8 of the Dungeon)
Comestibles
 f - 8 bread rations
 g - 2 royal jellies
 j - 2 beef jerkies
 k - 5 fruits
 n - 7 meat rations
 A - 9 slices of pizza


   Skills:
 - Level 8.0 Fighting
 - Level 16.0 Maces & Flails
 - Level 4.5 Throwing
 + Level 7.0 Dodging
   Level 9.0 Shields


You had 10 spell levels left.
You didn't know any spells.

Dungeon Overview and Level Annotations

Branches:
Dungeon (13/15)            Temple (1/1) D:5            Lair (0/6) D:9
    Orc: D:9-12      Vaults: D:13-14

Altars:
Ashenzari
Cheibriados
Dithmenos
Elyvilon
Fedhas
Gozag
Hepliaklqana
Kikubaaqudgha
Makhleb
Nemelex Xobeh
Okawaru
Qazlal
Ru
Sif Muna
Trog
Uskayaw
Vehumet
Xom
Yredelemnul
Zin
The Shining One

Annotations:
D:13 exclusion: obsidian statue


Innate Abilities, Weirdness & Mutations

You are too large for most types of armour.
You have tough skin. (AC +1)
You are partially covered in thin metallic scales. (AC +2)
You tend to lose your temper in combat.
You can translocate small distances at will.
Your flesh is very cold resistant. (rC++)
Your flesh is heat resistant. (rF+)
You are frail. (-10% HP)
Your muscles are strong. (Str +2)


Message History

Tha centaur wields a shortbow.
Tha centaur shoots an arrow.
Tha arrow hits ye!
Ye barely miss tha centaur warrior.
Tha centaur warrior be heavily wounded.
Tha centaur warrior hits ye!
Tha centaur warrior barely misses ye.
Unknown command.
Unknown command.
Ye hit tha centaur.
Tha centaur be lightly wounded.
Tha centaur completely misses ye.
Tha centaur warrior hits ye!
Tha centaur barely misses ye.
Tha centaur warrior hits ye!
* * * LOW HITPOINT WARNIN'
* * * Unknown command.
Ye impale tha centaur warrior!!
Tha centaur warrior be almost dead.
Tha centaur barely misses ye.
Tha centaur warrior hits ye.
* * * LOW HITPOINT WARNIN'
* * * Unknown command.
Unknown command.
Ye hit tha centaur warrior.
Ye kill tha centaur warrior!
Tha centaur hits ye wit' a shortbow.
* * * LOW HITPOINT WARNIN'
* * * Tha centaur shoots an arrow.
Tha arrow hits ye!
* * * LOW HITPOINT WARNIN'
* * * A centaur comes inta view.
Ye feel much better.
Tha centaur barely misses ye. x2
A centaur comes inta view.
Unknown command.
Ye barely miss tha centaur.
Tha centaur be lightly wounded.
Tha centaur hits ye wit' a shortbow.
Tha centaur completely misses ye. x2
Tha centaur hits ye wit' a shortbow.
Unknown command.
Ye closely miss tha centaur.
Tha centaur be lightly wounded.
Tha centaur barely misses ye.
Tha centaur misses ye.
Tha centaur hits ye.
* * * LOW HITPOINT WARNIN'
* * * Unknown command.
Ye hit tha centaur.
Tha centaur be lightly wounded.
Tha centaur closely misses ye.
Tha centaur hits ye but does nay damage.
Tha centaur closely misses ye.
Ye impale tha centaur!!
Ye kill tha centaur!
Tha centaur shoots an arrow.
Tha arrow hits ye.
* * * LOW HITPOINT WARNIN'
* * * Tha centaur wields a shortbow.
Tha centaur shoots an arrow.
Tha arrow barely misses ye.
Tha centaur hits ye but does nay damage.
Tha centaur shoots an arrow.
Tha arrow barely misses ye.
Ye hear a shout!
A kobold demonologist comes inta view.
It be wieldin' a dagger.
Tha kobold demonologist shouts!
Tha centaur unwields an uncursed shortbow.
Tha centaur barely misses ye.
Xochipepe casts a spell at tha centaur.
Tha centaur seems ta slow down.
Tha kobold demonologist looks bra'er fer a momn't.
Tha centaur hits ye.
* * * LOW HITPOINT WARNIN'
* * * Tha centaur unwields an uncursed shortbow.
Tha centaur misses ye.
Unknown command.
Ye sock tha centaur!
Tha centaur be severely wounded.
Tha centaur closely misses ye. x2; Tha centaur barely misses ye.
Tha centaur misses ye.
Xochipepe casts a spell at tha centaur.
Tha centaur resists wit' some effort.
A gargoyle comes inta view.
It be wieldin' a flail.
Unknown command.
Ye sock tha centaur!
Tha centaur be almost dead.
Tha centaur hits ye but does nay damage.
Tha centaur barely misses ye.
Tha centaur hits ye.
* * * LOW HITPOINT WARNIN'
* * * Tha kobold demonologist gestures wildly while chantin'.
Tha centaur hits ye.
* * * LOW HITPOINT WARNIN'
* * * Xochipepe hits tha centaur but does nay damage.
Xochipepe drains tha centaur!
Tha centaur dies!
Yer Dodgin' skill increases ta level 7!
Tha centaur hits ye.
* * * LOW HITPOINT WARNIN'
* * * Okay, than.
Okay, than.
Ye swap places.
Tha centaur hits Xochipepe but does nay damage.
Tha centaur wields an uncursed shortbow.
Tha centaur shoots an arrow.
Tha arrow barely misses Xochipepe.
Tha arrow hits ye!
* * * LOW HITPOINT WARNIN'
* * * Xochipepe hits tha centaur but does nay damage.
Xochipepe drains tha centaur!
Tha centaur wields an uncursed shortbow.
Tha centaur shoots an arrow.
Tha arrow barely misses Xochipepe.
Tha arrow hits ye.
Ye die...

......# ......#
...R..# .###'## #+
.#...# .. .#.###
##.######95≈
.#'######
#..#ccc.K5.≈
...†....# #.##R#
........######..@)#
R.......+.......###
+......(#####..##
........# #.(##
........# #(## ≈≈≈#
........# #.#
.≈≈≈≈#### .###+####
#.# .≈≈≈≈... .. #.#
.≈≈≈≈oo .# #.#
.≈≈≈#


You could see the friendly Xochipepe the hexer and 3 centaurs.

Vanquished Creatures
  A centaur warrior (D:13)
  A queen ant (D:9)
  2 hill giants (D:13)
  Pikel (D:5)
  A gargoyle (D:13)
  2 komodo dragons
  Prince Ribbit (D:5)
  2 trolls (D:13)
  A polar bear (D:10)
  Sigmund (D:3)
  A spriggan (D:9)
  8 yaks (D:9)
  A wyvern (D:8)
  2 hippogriffs
  A basilisk (D:9)
  A naga (shapeshifter) (D:13)
  The ghost of msp the Shield-Bearer, an amateur GrFi of Makhleb (D:5)
  10 soldier ants (D:9)
  2 porcupines (D:9)
  4 ice beasts
  A black bear (D:6)
  2 orc warriors
  A slave (D:5)
  A sky beast (D:6)
  2 phantoms
  2 ogres
  A wolf (D:10)
  3 centaurs
  A crocodile (D:9)
  4 giant frogs
  A big kobold (D:13)
  2 scorpions
  A wyvern skeleton (D:6)
  8 killer bees
  A howler monkey (D:3)
  3 crimson imps
  An orc priest (D:4)
  2 hounds
  A wasp zombie (D:13)
  A giant frog skeleton (D:4)
  3 jellies
  5 iguanas
  4 orc wizards
  27 worker ants (D:9)
  The ghost of jacquesderrida the Grasshopper, a weakling VSWr (D:4)
  2 hound skeletons
  12 gnolls
  A howler monkey skeleton (D:5)
  A howler monkey zombie (D:6)
  7 adders
  2 river rats (D:9)
  4 shadow imps
  A white imp (D:10)
  A worker ant simulacrum (D:10)
  An ooze (D:1)
  2 adder zombies
  2 worms
  4 dart slugs
  6 giant geckos
  21 orcs
  2 ball pythons
  6 giant cockroaches
  7 goblins
  8 hobgoblins
  12 jackals
  5 kobolds
  3 quokkas
  5 bats
  10 giant newts
  A jackal skeleton (D:5)
  10 rats
259 creatures vanquished.

Vanquished Creatures (collateral kills)
  A hippogriff (D:10)
  2 soldier ants (D:9)
  An eye of draining (D:13)
  2 centaurs
  A killer bee (D:8)
  An orc wizard (D:9)
  4 worker ants (D:9)
  A giant frog simulacrum (D:10)
  A giant gecko (D:6)
  2 orcs (D:9)
16 creatures vanquished.

Vanquished Creatures (others)
  3 hexers
  An ancestor (D:6)
  An adder (D:9)
  A river rat (D:9)
  A fungus (D:9)
  A plant (D:9)
8 creatures vanquished.

Grand Total: 283 creatures vanquished

Notes
Turn   | Place    | Note
-------+----------+-------------------------------------------
     0 | D:1      | Gelly3 the Ogre Fighter began the quest for the Orb.
     0 | D:1      | Reached XP level 1. HP: 24/24 MP: 1/1
    52 | D:1      | Reached skill level 3 in Maces & Flails
   121 | D:1      | Reached XP level 2. HP: 28/32 MP: 2/2
   193 | D:1      | Reached skill level 4 in Maces & Flails
   357 | D:1      | You fall through a shaft!
   366 | D:2      | Reached XP level 3. HP: 38/39 MP: 3/3
   851 | D:2      | Reached skill level 5 in Maces & Flails
  1075 | D:2      | Reached XP level 4. HP: 31/48 MP: 4/4
  1363 | D:2      | Reached skill level 6 in Maces & Flails
  1511 | D:3      | Found a snail-covered altar of Cheibriados.
  1570 | D:3      | Noticed Sigmund
  1626 | D:3      | Killed Sigmund
  1626 | D:3      | Reached skill level 8 in Maces & Flails
  1626 | D:3      | Reached XP level 5. HP: 16/54 MP: 5/5
  1626 | D:3      | Reached XP level 6. HP: 18/62 MP: 6/6
  1989 | D:3      | Found a white marble altar of Elyvilon.
  2407 | D:3      | Reached skill level 9 in Maces & Flails
  2795 | D:4      | Reached XP level 7. HP: 51/70 MP: 7/7
  3096 | D:4      | Reached skill level 10 in Maces & Flails
  3122 | D:4      | Noticed jacquesderrida's ghost (weakling VSWr)
  3176 | D:4      | Killed jacquesderrida's ghost
  3423 | D:4      | Found a blossoming altar of Fedhas.
  3423 | D:4      | Found a glowing silver altar of Zin.
  3441 | D:5      | Entered Level 5 of the Dungeon
  3502 | D:5      | Noticed Prince Ribbit
  3518 | D:5      | Killed Prince Ribbit
  3518 | D:5      | Reached skill level 3 in Throwing
  3582 | D:5      | Noticed msp's ghost (amateur GrFi)
  3596 | D:5      | Got a transparent rapier
  3597 | D:5      | Identified the +9 rapier of Linearity {flame, SInv} (You found it on level 5 of the Dungeon)
  3606 | D:5      | HP: 17/70 [msp's ghost (11)]
  3607 | D:5      | Killed msp's ghost
  3607 | D:5      | Reached skill level 4 in Throwing
  3607 | D:5      | Reached XP level 8. HP: 19/78 MP: 8/8
  3757 | D:5      | Noticed Pikel
  3781 | D:5      | Found a staircase to the Ecumenical Temple.
  3785 | Temple   | Entered the Ecumenical Temple
  3898 | Temple   | Became a worshipper of Hepliaklqana
  4286 | D:5      | Killed Pikel
  4286 | D:5      | Reached skill level 5 in Shields
  4614 | D:6      | Reached skill level 6 in Shields
  4739 | D:6      | Reached skill level 5 in Fighting
  4739 | D:6      | Reached XP level 9. HP: 79/79 MP: 9/9
  4763 | D:6      | Reached skill level 6 in Fighting
  4771 | D:6      | Gained mutation: Your muscles are strong. (Str +2) [mutagenic meat]
  4774 | D:6      | Gained mutation: You tend to lose your temper in combat. [mutagenic meat]
  4777 | D:6      | Gained mutation: You are partially covered in thin metallic scales. (AC +2) [mutagenic meat]
  4780 | D:6      | Gained mutation: You are frail. (-10% HP) [mutagenic meat]
  4783 | D:6      | Gained mutation: You can translocate small distances at will. [mutagenic meat]
  4946 | D:6      | Reached skill level 7 in Fighting
  5033 | D:6      | Reached skill level 8 in Fighting
  5135 | D:6      | Reached * piety under Hepliaklqana
  5425 | D:7      | Found a sacrificial altar of Ru.
  5912 | D:7      | Reached skill level 7 in Shields
  6178 | D:8      | Reached ** piety under Hepliaklqana
  6198 | D:8      | Remembered your ancestor Xochipepe as a hexer
  6301 | D:8      | Reached skill level 8 in Shields
  6316 | D:9      | HP: 19/76 [killer bee (5)]
  6318 | D:9      | HP: 7/76 [poisoned by a killer bee]
  6471 | D:9      | HP: 19/76 [hippogriff (6)]
  6676 | D:8      | Reached XP level 10. HP: 71/83 MP: 8/10
  6766 | D:8      | Reached skill level 9 in Shields
  6808 | D:8      | Found a sparkling altar of Nemelex Xobeh.
  6810 | D:8      | Found a shadowy altar of Dithmenos.
  7052 | D:9      | Found a staircase to the Lair.
  7092 | D:9      | Gained mutation: Your flesh is cold resistant. (rC+) [potion of beneficial mutation]
  7099 | D:9      | Reached skill level 11 in Maces & Flails
  7137 | D:9      | Reached skill level 12 in Maces & Flails
  7203 | D:9      | Reached skill level 13 in Maces & Flails
  7308 | D:9      | Noticed a queen ant
  7347 | D:9      | Reached skill level 14 in Maces & Flails
  7378 | D:9      | Reached XP level 11. HP: 46/88 MP: 11/11
  7560 | D:9      | Reached *** piety under Hepliaklqana
  7586 | D:9      | Reached skill level 15 in Maces & Flails
  7604 | D:9      | Killed a queen ant
  7609 | D:9      | HP: 21/88 [worker ant (2)]
  8210 | D:10     | Entered Level 10 of the Dungeon
  8334 | D:10     | Reached skill level 16 in Maces & Flails
  8372 | D:10     | Reached **** piety under Hepliaklqana
  8460 | D:10     | Reached skill level 3 in Dodging
  8472 | D:10     | You fall through a shaft for 3 floors!
  8522 | D:13     | Reached skill level 4 in Dodging
  8548 | D:13     | Gained mutation: Your flesh is heat resistant. (rF+) [mutagenic meat]
  8554 | D:13     | Gained mutation: Your flesh is very cold resistant. (rC++) [mutagenic meat]
  8600 | D:13     | HP: 22/88 [poisoned by a killer bee]
  8605 | D:13     | HP: 20/88 [poisoned by a killer bee]
  8610 | D:13     | HP: 19/88 [poisoned by a killer bee]
  8616 | D:13     | HP: 19/88 [poisoned by a killer bee]
  8621 | D:13     | HP: 20/88 [poisoned by a killer bee]
  8628 | D:13     | HP: 22/88 [poisoned by a killer bee]
  8803 | D:13     | Reached skill level 5 in Dodging
  8862 | D:13     | Noticed an obsidian statue
  8874 | D:13     | Noticed a hill giant
  8901 | D:13     | Killed a hill giant
  8931 | D:13     | Noticed a sixfirhy
  9096 | D:13     | Noticed a vault guard
  9116 | D:13     | Noticed a hill giant
  9127 | D:13     | Killed a hill giant
  9127 | D:13     | Reached skill level 6 in Dodging
  9208 | D:13     | Noticed a centaur warrior
  9216 | D:13     | HP: 22/88 [centaur warrior (4)]
  9217 | D:13     | Killed a centaur warrior
  9217 | D:13     | HP: 10/88 [centaur/arrow[a centaur warrior] (12)]
  9223 | D:13     | HP: 19/88 [centaur[a centaur warrior] (6)]
  9225 | D:13     | Reached skill level 7 in Dodging
  9225 | D:13     | HP: 9/88 [centaur[a centaur warrior] (5)]
  9226 | D:13     | HP: 1/88 [centaur/arrow[a centaur warrior] (9)]
  9226 | D:13     | Shot with an arrow by a centaur

Vault maps used:
D:1:      lemuel_arrival_funnel, hangedman_decor_growths
D:2:      first_bread, corexii_leaking_fountain
D:3:      lemuel_coloured_pillars_altar, kennysheep_slug_shrine, uniq_sigmund
D:4:      gammafunk_temple_overflow_wave, kennysheep_generic_room_9
D:5:      uniq_pikel, uniq_prince_ribbit1
D:7:      nicolae_ru_great_annihilating_truth
D:8:      minitemple
D:9:      minmay_lair_entry_grove, grunt_pizzeria, basic_loot_grate_trap,
          zaba_anthell
D:10:     hiddenorc2_lemuel, serial_ice, serial_ice_a, serial_ice_c,
          serial_ice_d, serial_ice_o, solitary_fountain
D:13:     grunt_vaults_entry_fortified, minmay_protected_statue
Temple:   nicolae_temple_great_sept

Skill      XL: |  1  2  3  4  5  6  7  8  9 10 11 |
---------------+----------------------------------+-----
Maces & Flails | 3 4 5 8 9 10 14 16 | 16.0
Throwing       | 4 |  4.5
Shields        | 6 8 9 |  9.0
Fighting       | 5 8 |  8.0
Dodging        | 7 |  7.0

Action                   |  1- 3 |  4- 6 |  7- 9 | 10-12 || total
-------------------------+-------+-------+-------+-------++-------
Melee: Flail             |   118 |   140 |    67 |       ||   325
       Rapier            |       |       |    13 |       ||    13
       Whip              |       |       |   362 |   260 ||   622
       Great mace        |       |       |       |   170 ||   170
       Giant spiked club |       |       |       |    24 ||    24
Throw: Javelin           |       |       |    17 |     5 ||    22
       Large rock        |       |       |    27 |    24 ||    51
Invok: Recall Ancestor   |       |       |     2 |     4 ||     6
       Ancestor Life: He |       |       |     1 |       ||     1
 Abil: Blink             |       |       |     1 |       ||     1
  Use: Potion            |       |     1 |     4 |     6 ||    11
       Scroll            |       |       |     3 |       ||     3
 Stab: Sleeping          |       |     1 |     1 |     2 ||     4
       Confused          |       |       |       |     4 ||     4
       Distracted        |       |       |       |     3 ||     3
  Eat: Chunk             |     1 |     5 |    19 |    16 ||    41
Armor: Robe              |    40 |    27 |    62 |    79 ||   208
Dodge: Dodged            |    47 |    68 |   165 |   256 ||   536
Block: Shield            |    56 |    58 |   176 |    48 ||   338

Vault maps used:
D:1:      lemuel_arrival_funnel, hangedman_decor_growths
D:2:      first_bread, corexii_leaking_fountain
D:3:      lemuel_coloured_pillars_altar, kennysheep_slug_shrine, uniq_sigmund
D:4:      gammafunk_temple_overflow_wave, kennysheep_generic_room_9
D:5:      uniq_pikel, uniq_prince_ribbit1
D:7:      nicolae_ru_great_annihilating_truth
D:8:      minitemple
D:9:      minmay_lair_entry_grove, grunt_pizzeria, basic_loot_grate_trap,
          zaba_anthell
D:10:     hiddenorc2_lemuel, serial_ice, serial_ice_a, serial_ice_c,
          serial_ice_d, serial_ice_o, solitary_fountain
D:13:     grunt_vaults_entry_fortified, minmay_protected_statue
Temple:   nicolae_temple_great_sept

Table legend:
 A = Turns spent in this place as a percentage of turns spent in the entire game.
 B = Non-inter-level travel turns spent in this place as a percentage of non-inter-level travel turns spent in the entire game.
 C = Inter-level travel turns spent in this place as a percentage of turns spent in this place.
 D = Turns resting spent in this place as a percentage of non-inter-level travel turns spent in this place.
 E = Turns spent auto-exploring this place as a percentage of non-inter-level travel turns spent in this place.
 F = Non-inter-level travel turns spent in this place divided by the number of levels of this place that you've seen.
                   A       B       C       D       E      F
               +-------+-------+-------+-------+-------+----------------------
         Total | 100.0 | 100.0 |   0.3 |   2.3 |   7.2 | 308.9
       Dungeon |  98.0 |  98.0 |   0.3 |   2.3 |   7.1 | 330.2
        Temple |   2.0 |   2.0 |   0.0 |   2.7 |  12.0 |  75.0
               +-------+-------+-------+-------+-------+----------------------

Table legend:
 A = Kills in this place as a percentage of kills in entire the game.
 B = Kills by you in this place as a percentage of kills by you in the entire game.
 C = Kills by friends in this place as a percentage of kills by friends in the entire game.
 D = Other kills in this place as a percentage of other kills in the entire game.
 E = Experience gained in this place as a percentage of experience gained in the entire game.
 F = Experience gained in this place divided by the number of levels of this place that you have seen.
                   A       B       C       D       E      F
               +-------+-------+-------+-------+-------+----------------------
         Total | 100.0 | 100.0 | 100.0 | 100.0 | 100.0 | 1488.4
       Dungeon | 100.0 | 100.0 | 100.0 | 100.0 | 100.0 | 1623.7
               +-------+-------+-------+-------+-------+----------------------
